 Dungeon Crawl Stone Soup version 0.18.1-5-g4a78601 (webtiles) character file.

3170 inmateoo the Martial Artist (level 9, -2/68 HPs)
             Began as a Demonspawn Transmuter on May 13, 2016.
             Was a Follower of Cheibriados.
             Slain by a centaur warrior (13 damage)
             ... on level 9 of the Dungeon.
             The game lasted 00:15:10 (9519 turns).

inmateoo the Martial Artist (Demonspawn Transmuter) Turns: 9519, Time: 00:15:11

Health: -2/68      AC:  0    Str: 16    XL:     9   Next: 63%
Magic:  12/16      EV: 20    Int: 19    God:    Cheibriados [*.....]
Gold:   368        SH:  0    Dex: 19    Spells: 2 memorised, 14 levels left

rFire  . . .     SeeInvis .       - Unarmed
rCold  . . .     Gourm    .     (armour currently unavailable)
rNeg   . . .     Faith    .     (shield currently unavailable)
rPois  .         Spirit   .     (helmet currently unavailable)
rElec  .         Dismiss  .     (cloak currently unavailable)
rCorr  .         Reflect  .     (gloves currently unavailable)
SustAt .         Harm     .     (boots currently unavailable)
MR     .....                    (no amulet)
Stlth  +++.......               (ring currently unavailable)
                                (ring currently unavailable)

@: agile, pig-form, drained, slow, not resistant to hostile enchantments, fairly
stealthy
A: (antennae 0), rough black scales 2, (cold resistance 0), demonic guardian 1,
freezing cloud immunity
a: Bend Time, Renounce Religion


You were on level 9 of the Dungeon.
You worshipped Cheibriados.
Cheibriados was aware of your devotion.
You were not hungry.
You were a filthy swine.
You visited 2 branches of the dungeon, and saw 10 of its levels.

You collected 533 gold pieces.
You spent 165 gold pieces at shops.

Inventory:

Hand Weapons
 F - a +3 dagger of draining
Missiles
 a - 150 arrows
Armour
 h - a +0 cloak (melded)
 w - a +2 ring mail of magic resistance (melded)
 H - a +0 pair of boots (melded)
 N - a +0 plate armour
 O - a troll hide
Jewellery
 u - an uncursed ring of ice
 A - a ring of protection from magic (melded)
Wands
 b - a wand of lightning (5/15)
 i - a wand of iceblast (1/15)
 y - a wand of iceblast (15/15)
 C - a wand of polymorph (5/24)
 M - a wand of polymorph (6/24)
Scrolls
 e - 2 scrolls of fog
 n - 3 scrolls of remove curse
 z - a scroll of recharging
 E - 3 scrolls of fear
 G - 2 scrolls of amnesia
Potions
 f - 2 potions of invisibility
 j - a potion of berserk rage
 k - 2 potions of cure mutation
 l - a potion of might {unknown}
 m - a potion of lignification
 q - 3 potions of curing {unknown}
 r - a potion of magic {unknown}
 s - 3 potions of cancellation
 t - 2 potions of haste
 v - 3 potions of brilliance {unknown}
 D - a potion of flight
Books
 c - a book of Changes

   Spells                             Type                      Level
   a - Beastly Appendage              Transmutation                1
   b - Sticks to Snakes               Transmutation                2
   c - Spider Form                    Transmutation/Poison         3
   d - Ice Form                       Ice/Transmutation            4
   e - Blade Hands                    Transmutation                5
 B - a Grand Grimoire

   Spells                             Type                      Level
   a - Monstrous Menagerie            Summoning                    7
   b - Summon Greater Demon           Summoning                    7
   c - Malign Gateway                 Summoning/Translocation      7
   d - Summon Horrible Things         Summoning                    8
 L - a book of Transfigurations

   Spells                             Type                      Level
   a - Irradiate                      Conjuration/Transmutation    5
   b - Statue Form                    Transmutation/Earth          6
   c - Hydra Form                     Transmutation                6
   d - Dragon Form                    Transmutation                7
Comestibles
 d - 4 bread rations
 p - a meat ration
 J - 2 beef jerkies
 K - 3 fruits


   Skills:
 - Level 5.0(2.3) Fighting
 - Level 4.2(1.9) Armour
 - Level 5.0(2.3) Dodging
 * Level 9.0(4.8) Unarmed Combat
 - Level 4.6(2.1) Spellcasting
 - Level 1.7(0.7) Transmutations


You had 14 spell levels left.
You knew the following spells:

 Your Spells              Type           Power        Failure   Level  Hunger
a - Beastly Appendage     Trmt           #.....       14%         1    #......
b - Sticks to Snakes      Trmt           #.......     21%         2    ##.....


Dungeon Overview and Level Annotations

Branches:
Dungeon (9/15)             Temple (1/1) D:6
   Lair: D:8-11         Orc: D:9-12

Altars:
Ashenzari
Cheibriados
Dithmenos
Elyvilon
Gozag
Kikubaaqudgha
Makhleb
Nemelex Xobeh
Okawaru
Pakellas
Qazlal
Trog
Vehumet
Yredelemnul
Zin
The Shining One

Shops:
D:4 %   D:7 *


Innate Abilities, Weirdness & Mutations

((You have a pair of small antennae on your head.))
(You are mostly covered in rough black scales (AC +7, Dex -2).)
((Your flesh is cold resistant.))
A weak demonic guardian rushes to your aid.
You are immune to freezing clouds.


Message History

The centaur warrior barely misses you.
Unknown command.
Unknown command.
Drink which item? (? for menu, Esc to quit)
You feel much better.
Your crimson imp disappears in a puff of smoke!
Your ball python closely misses the centaur warrior.
Your ball python barely misses the centaur warrior.
The centaur warrior hits you!
* * * LOW HITPOINT WARNING * * *
Your ball python closely misses the centaur warrior.
Drink which item? (? for menu, Esc to quit)
You are stuck in your current form!
Drink which item? (? for menu, Esc to quit)
You feel agile all of a sudden.
The centaur warrior completely misses you.
Your ball python barely misses the centaur warrior.
Your iron imp closely misses the centaur warrior.
The centaur warrior hits you!
You die...

#.#.c.....#########
{#.##......#
#....#....#
#..###....# #.##
##..## #.######..#
#....# ##(#
#.##.####(#
#.##..(##h#
######.§cS##
###S5.## ##...#####
##....#...##
##...[.<.>..##
#............#
#...........>#
#............#


You could see a centaur warrior, a friendly iron imp and 2 friendly ball
pythons.

Vanquished Creatures
  The ghost of CcS the Cleaver, a novice MiBe of Trog (D:5)
  A troll (D:9)
  Eustachio (D:5)
  Menkaure (D:5)
  Duvessa (D:6)
  2 ice beasts (D:8)
  A sky beast (D:6)
  2 orc warriors
  2 black bears
  3 ogres
  A centaur (D:6)
  A giant frog (D:6)
  Dowan (D:6)
  2 scorpions
  A wight (D:9)
  A howler monkey (D:9)
  A centaur zombie (D:5)
  A crimson imp (D:6)
  A quasit (D:6)
  6 hounds
  A jelly (D:5)
  A centaur skeleton (D:4)
  2 orc priests
  2 giant frog skeletons
  2 iguanas
  5 worker ants
  8 orc wizards
  3 hound skeletons
  A howler monkey zombie (D:8)
  A worker ant zombie (D:6)
  9 adders
  2 howler monkey skeletons
  An ooze (D:4)
  An adder skeleton (D:5)
  2 worms
  4 dart slugs
  22 orcs
  3 giant cockroaches
  7 goblins
  7 hobgoblins
  6 jackals
  10 kobolds
  A quokka (D:3)
  13 bats
  6 giant newts
  2 quokka skeletons
  7 rats
160 creatures vanquished.

Vanquished Creatures (collateral kills)
  2 ogres
  A centaur (D:8)
  A giant frog (D:8)
  A jelly (D:5)
  An orc priest (D:6)
  An orc wizard (D:5)
  An iguana (D:5)
  An adder (D:5)
  4 orcs
  A quokka (D:4)
  A jackal zombie (D:8)
15 creatures vanquished.

Grand Total: 175 creatures vanquished

Notes
Turn   | Place    | Note
--------------------------------------------------------------
     0 | D:1      | inmateoo the Demonspawn Transmuter began the quest for the Orb.
     0 | D:1      | Reached XP level 1. HP: 15/15 MP: 3/3
    62 | D:1      | Reached skill level 3 in Unarmed Combat
   129 | D:1      | Gained mutation: You are partially covered in rough black scales (AC +4, Dex -1). [demonic ancestry]
   129 | D:1      | Reached XP level 2. HP: 14/21 MP: 5/5
   647 | D:2      | Gained mutation: A weak demonic guardian rushes to your aid. [demonic ancestry]
   647 | D:2      | Reached XP level 3. HP: 9/26 MP: 6/6
   917 | D:2      | Reached skill level 4 in Unarmed Combat
  1504 | D:2      | Reached XP level 4. HP: 32/32 MP: 7/7
  1813 | D:3      | Found a shattered altar of Ashenzari.
  1826 | D:3      | Became a worshipper of Ashenzari the Shackled
  1925 | D:3      | Found a stormy altar of Qazlal.
  1928 | D:3      | Noticed a fire elemental
  1930 | D:3      | Noticed a water elemental
  1930 | D:3      | Noticed an air elemental
  1930 | D:3      | Noticed an earth elemental
  2176 | D:3      | Found a basalt altar of Yredelemnul.
  2183 | D:3      | Reached skill level 5 in Unarmed Combat
  2513 | D:4      | Gained mutation: Your flesh is cold resistant. [demonic ancestry]
  2513 | D:4      | Reached XP level 5. HP: 34/37 MP: 8/8
  2971 | D:4      | Found Joaptith's Food Boutique.
  3145 | D:4      | Reached * piety under Ashenzari
  3227 | D:4      | Gained mutation: You are immune to freezing clouds. [demonic ancestry]
  3227 | D:4      | Reached XP level 6. HP: 43/43 MP: 9/9
  3268 | D:4      | Reached skill level 1 in Armour
  3428 | D:4      | Found a stormy altar of Qazlal.
  3444 | D:4      | Reached skill level 6 in Unarmed Combat
  3756 | D:4      | Found a burning altar of Makhleb.
  3783 | D:5      | Entered Level 5 of the Dungeon
  3899 | D:5      | Reached XP level 7. HP: 37/50 MP: 10/10
  4208 | D:5      | Noticed CcS's ghost (novice MiBe)
  4333 | D:5      | Killed CcS's ghost
  4684 | D:5      | Learned a level 2 spell: Sticks to Snakes
  4852 | D:5      | Noticed Menkaure
  4858 | D:5      | Killed Menkaure
  4858 | D:5      | Gained mutation: You have a pair of small antennae on your head. [demonic ancestry]
  4858 | D:5      | Reached XP level 8. HP: 58/58 MP: 9/12
  4891 | D:5      | Noticed Eustachio
  4971 | D:5      | Killed Eustachio
  5438 | D:6      | Found a radiant altar of Vehumet.
  5444 | D:6      | Found a sparkling altar of Nemelex Xobeh.
  5792 | D:6      | Found a glowing silver altar of Zin.
  5795 | D:6      | Found a glowing golden altar of the Shining One.
  5932 | D:6      | Noticed Duvessa
  5932 | D:6      | Noticed Dowan
  5952 | D:6      | Killed Duvessa
  5952 | D:6      | Reached skill level 7 in Unarmed Combat
  5985 | D:6      | Killed Dowan
  6337 | D:6      | Found a staircase to the Ecumenical Temple.
  6444 | D:6      | Gained mutation: You are mostly covered in rough black scales (AC +7, Dex -2). [demonic ancestry]
  6444 | D:6      | Reached XP level 9. HP: 59/66 MP: 15/15
  6647 | Temple   | Entered the Ecumenical Temple
  6673 | Temple   | Fell from the grace of Ashenzari
  6673 | Temple   | Became a worshipper of Cheibriados the Contemplative
  6770 | D:7      | Found an oddly glowing altar of Pakellas.
  7122 | D:7      | Found Rets's Assorted Antiques.
  7129 | D:7      | Bought a fine copper amulet for 165 gold pieces
  7129 | D:7      | Identified the amulet "Zuqab" {Dismiss Int+3} (You bought it in a shop on level 7 of the Dungeon)
  8036 | D:8      | Reached skill level 5 in Fighting
  8036 | D:8      | Reached skill level 5 in Dodging
  8088 | D:8      | Reached * piety under Cheibriados
  8721 | D:8      | Reached skill level 8 in Unarmed Combat
  9010 | D:9      | Noticed a troll
  9036 | D:9      | Killed a troll
  9373 | D:9      | Reached skill level 9 in Unarmed Combat
  9425 | D:9      | Noticed a centaur warrior
  9519 | D:9      | Slain by a centaur warrior

Skill      XL: |  1  2  3  4  5  6  7  8  9 |
---------------+----------------------------+-----
Unarmed Combat | 3 4 5 6 7 9 |  9.0
Dodging        | 2 3 4 5 |  5.0
Armour         | 1 2 3 4 |  4.2
Fighting       | 2 3 4 5 |  5.0
Spellcasting   | 3 4 |  4.6
Transmutations | |  1.7

Action                   |  1- 3 |  4- 6 |  7- 9 || total
-------------------------+-------+-------+-------++-------
Melee: Unarmed           |   145 |   310 |   638 ||  1093
       Punch             |     1 |     6 |    10 ||    17
       Kick              |       |     1 |       ||     1
       Dagger            |       |       |    18 ||    18
 Cast: Beastly Appendage |       |     2 |       ||     2
       Sticks to Snakes  |       |       |    12 ||    12
Evoke: Wand              |       |       |     5 ||     5
  Use: Scroll            |       |    13 |    11 ||    24
       Potion            |       |     3 |     4 ||     7
 Stab: Sleeping          |     2 |       |       ||     2
       Distracted        |       |       |     2 ||     2
  Eat: Chunk             |     1 |     9 |    14 ||    24
       Beef jerky        |       |       |     1 ||     1
       Royal jelly       |       |       |     1 ||     1
Armor: Robe              |    19 |       |       ||    19
       Leather armour    |    27 |    32 |       ||    59
       Ring mail         |       |   103 |   369 ||   472
       Plate armour      |       |       |     7 ||     7
       Skin              |       |       |     7 ||     7
Dodge: Dodged            |    67 |   128 |   427 ||   622
